 Dungeon Crawl Stone Soup version 0.31.0-11-ge490571c62 (webtiles) character file.

Game seed: 17804303010797146083

84 qw the Shooter (level 4, -2/25 HPs)
             Began as a Deep Elf Hunter on Feb 4, 2024.
             Splashed by a jelly's acid (8 damage)
             ... on level 3 of the Dungeon.
             The game lasted 00:00:06 (1644 turns).

qw the Shooter (Deep Elf Hunter)                    Turns: 1644, Time: 00:00:06

Health: -2/25      AC: -3    Str: 10    XL:     4   Next: 23%
Magic:  6/6        EV: 11    Int: 14    God:
Gold:   117        SH:  0    Dex: 18    Spells: 3/3 levels left

rFire   . . .        a - +0 shortbow
rCold   . . .        (shield currently unavailable)
rNeg    . . .        f - +0 ring mail
rPois   .            (no helmet)
rElec   .            j - scarf {repulsion}
rCorr   .            (no gloves)
SInv    .            (no boots)
Will    .....        (no amulet)
Stlth   +            (no ring)
HPRegen 0.24/turn    (no ring)
MPRegen 0.10/turn

%: repel missiles
@: corroded
A: no striking features
a: no special abilities


You were on level 3 of the Dungeon.
You visited 1 branch of the dungeon, and saw 3 of its levels.

You collected 117 gold pieces.


   Skills:
 - Level 1.5 Fighting
 + Level 7.6 Ranged Weapons
 - Level 2.4 Dodging
 - Level 1.2 Stealth


You had 3 spell levels left.
You didn't know any spells.
Your spell library was empty.

Inventory:

Hand Weapons
 a - a +0 shortbow (weapon)
Armour
 f - a +0 ring mail (worn)
 j - a scarf of repulsion (worn)
Scrolls
 e - a scroll of teleportation
Potions
 b - a potion of mutation {unknown}

Dungeon Overview and Level Annotations

Branches:
Dungeon (3/15)

Altars:


Message History

You kill the endoplasm!
A hobgoblin comes into view.
You see here a ruby potion.
You shoot an arrow. The arrow hits the hobgoblin.
You kill the hobgoblin!
b - a ruby potion You now have 108 gold pieces (gained 15).
You now have 117 gold pieces (gained 9).
There is a stone staircase leading down here.
Done exploring.
Enter note:
Enter note: Done exploring.
What level of the Dungeon? (default 2, ? - help)
There is a stone staircase leading down here.
You climb downwards.
The jelly quivers.
There is a stone staircase leading up here.
A jelly is nearby!
Waypoint 2 assigned to D:3.
You shoot an arrow. The arrow completely misses the jelly.
You shoot an arrow.
The arrow hits the jelly but does no damage.
The jelly hits you. The acid corrodes you!
You are splashed with acid!
You shoot an arrow. The arrow hits the jelly.
The jelly is moderately wounded.
The jelly completely misses you.
You shoot an arrow. The arrow hits the jelly.
The jelly is heavily wounded.
The jelly barely misses you.
You shoot an arrow. The arrow barely misses the jelly.
The jelly hits you. The acid corrodes you!
You are splashed with acid!
You shoot an arrow. The arrow hits the jelly.
The jelly is heavily wounded.
The jelly closely misses you. The jelly barely misses you.
You shoot an arrow.
The arrow hits the jelly but does no damage.
The jelly is heavily wounded.
The jelly hits you.
You are splashed with acid!
You die...

#.# #.#
#.# #.#
#.# #.#
#J# #@#
........#
...######


You could see a jelly.

Vanquished Creatures
  3 adders (D:2)
  2 dart slugs (D:1)
  A ribbon worm (D:2)
  3 ball pythons
  5 bats (D:1)
  8 endoplasms
  2 giant cockroaches (D:1)
  3 goblins
  6 hobgoblins
  3 jackals (D:2)
  2 kobolds (D:1)
  3 quokkas (D:1)
  2 frilled lizards (D:1)
  2 rats (D:1)
45 creatures vanquished.

Notes
Turn   | Place    | Note
-------+----------+-------------------------------------------
     0 | D:1      | qw the Deep Elf Hunter began the quest for the Orb.
     0 | D:1      | Reached XP level 1. HP: 12/12 MP: 3/3
     0 | D:1      | 0 ||| qw: Version: 0.3-a-160-g6735b56
     0 | D:1      | 0 ||| qw: Game counter: 4805
     0 | D:1      | 0 ||| qw: Melee chars always use a shield: true
     0 | D:1      | 0 ||| qw: God list: Okawaru
     0 | D:1      | 0 ||| qw: Allow faded altars: false
     0 | D:1      | 0 ||| qw: Do Orc after clearing Dungeon:15 true
     0 | D:1      | 0 ||| qw: Do second Lair branch before Depths: true
     0 | D:1      | 0 ||| qw: Lair rune preference: random
     0 | D:1      | 0 ||| qw: Goals: Normal
     0 | D:1      | 0 ||| PLANNING D:1-11
   201 | D:1      | Reached skill level 6 in Ranged Weapons
   201 | D:1      | Reached XP level 2. HP: 16/16 MP: 4/4
   210 | D:1      | HP: 4/16 [hobgoblin (2)]
   216 | D:1      | HP: 2/16 [hobgoblin (2)]
   468 | D:1      | Reached XP level 3. HP: 20/20 MP: 5/5
   868 | D:1      | 868 ||| UPGRADING to +0 ring mail.
   878 | D:1      | 878 ||| DROPPING +0 leather armour.
   879 | D:1      | 879 ||| UPGRADING to scarf of repulsion.
   884 | D:1      | 884 ||| READING scroll labelled XICROSYEXYBI.
   884 | D:1      | 884 ||| IDENTIFYING scroll labelled JOETSACW PUOHA
   885 | D:1      | 885 ||| READING scroll labelled QIUCHU ERREMM.
   886 | D:1      | 886 ||| READING scroll labelled USOGAD AFOHU.
   921 | D:1      | 921 ||| READING scroll labelled ROUMUCS MAUSS.
   922 | D:1      | 922 ||| DROPPING scroll of butterflies.
   924 | D:1      | 924 ||| Stepping ~*~*~tactically~*~*~ (cloud).
   932 | D:1      | HP: 5/20 [poisoned by you (poison gas)]
  1297 | D:2      | Reached skill level 7 in Ranged Weapons
  1431 | D:2      | Reached XP level 4. HP: 25/25 MP: 6/6
  1644 | D:3      | HP: 6/25 [jelly (1)]
  1644 | D:3      | Splashed by a jelly's acid

Levels and vault maps discovered:
D:1:      dpeg_arrival_round_b, layout_loops_ring, roderic_roman_lattice,
          minmay_indecisive_spiral
D:2:      layout_basic
D:3:      layout_loops_ring, nicolae_ecumenical_snake_handling

Skill      XL: |  1  2  3 |
---------------+----------+-----
Ranged Weapons | 6 7 |  7.6
Fighting       | |  1.5
Dodging        | |  2.4
Stealth        | |  1.2

Action                     |  1- 3 |  4- 6 || total
---------------------------+-------+-------++-------
   Fire: Shortbow          |   112 |    19 ||   131
    Use: Scroll            |     4 |       ||     4
 Armour: Leather armour    |    20 |       ||    20
         Ring mail         |     7 |     6 ||    13
  Dodge: Dodged            |    32 |     8 ||    40

Table legend:
 A = Non-vault XP
 B = Vault XP
 C = Vault XP percentage of total XP
 D = Non-vault monster count
 E = Vault monster count
 F = Vault count percentage of total count
                 A         B        C        D         E       F
            +---------+---------+-------+---------+---------+-------
      Total |     112 |       8 |   6.7 |      41 |       4 |   8.9
            +---------+---------+-------+---------+---------+-------
        D:1 |      47 |       8 |  14.5 |      26 |       4 |  13.3
        D:2 |      65 |       0 |   0.0 |      15 |       0 |   0.0
            +---------+---------+-------+---------+---------+-------
